 Dungeon Crawl Stone Soup version 0.29-a0-323-g050149af67 (webtiles) character file.

Game seed: 6703922962207972504

45610 tilp the Fighter (level 14, -14/72 HPs)
             Began as a Felid Ice Elementalist on Apr 7, 2022.
             Was a High Priest of Vehumet.
             Demolished by a salamander
             ... wielding a +0 halberd
              (23 damage)
             ... on level 2 of the Snake Pit on Apr 10, 2022.
             The game lasted 01:34:08 (53911 turns).

tilp the Fighter (Felid Ice Elementalist)          Turns: 53911, Time: 01:34:09

Health: -14/72     AC:  7    Str:  4    XL:     14   Next: 1%
Magic:  5/28       EV: 22    Int: 24    God:    Vehumet [*****.]
Gold:   904        SH:  0    Dex: 17    Spells: 2/31 levels left
                                        Lives:  0   Deaths: 3

rFire   . . .      SeeInvis +     - Unarmed
rCold   + . .      Faith    +   (shield unavailable)
rNeg    . . .      Spirit   .   (body armour unavailable)
rPois   +          Reflect  .   (helmet unavailable)
rElec   .          Harm     .   (cloak unavailable)
rCorr   .          Rampage  .   (gloves unavailable)
Will    ++...                   (boots unavailable)
Stlth   +++++.....              D - amulet of faith
HPRegen 0.22/turn               e - +4 ring of protection
MPRegen 0.21/turn               L - ring of poison resistance

@: studying Fighting, quick
A: very small, claws 1, fangs 3, see invisible, speed 1, shaggy fur 3, stealthy
paws, no weapons or thrown items, no armour, multi-lived
a: Renounce Religion


You were on level 2 of the Snake Pit.
You worshipped Vehumet.
Vehumet was extremely pleased with you.
You visited 6 branches of the dungeon, and saw 29 of its levels.

You collected 2218 gold pieces.
You spent 1314 gold pieces at shops.

Inventory:

Jewellery
 e - a +4 ring of protection (left paw)
 n - a +4 ring of protection
 u - a +4 ring of slaying
 y - a ring of willpower
 A - a ring of fire
 D - an amulet of faith (around neck)
 J - a ring of wizardry
 L - a ring of poison resistance (right paw)
 Q - a +6 ring of strength
Wands
 j - a wand of iceblast (8)
 l - a wand of digging (10)
 m - a wand of polymorph (12)
 p - a wand of flame (27)
 x - a wand of acid (5)
 C - a wand of charming (14)
 E - a wand of paralysis (15)
 H - a wand of mindburst (7)
Scrolls
 g - 9 scrolls of teleportation
 q - 4 scrolls of fog
 s - 2 scrolls of identify
 t - 4 scrolls of fear
 G - 5 scrolls of vulnerability
 I - 4 scrolls of amnesia
 M - a scroll of magic mapping
 O - a scroll of summoning
 P - a scroll of immolation
Potions
 a - 3 potions of ambrosia
 b - 3 potions of lignification
 c - a potion of haste
 d - 7 potions of attraction
 f - 3 potions of cancellation
 h - 9 potions of flight
 i - 12 potions of curing
 k - 2 potions of berserk rage
 o - 3 potions of might
 v - 3 potions of brilliance
 w - 2 potions of invisibility
 z - 3 potions of resistance
 B - 3 potions of mutation
 F - a potion of magic
Miscellaneous
 r - a tin of tremorstones (2/2)
 K - a phantom mirror


   Skills:
 + Level 14.2 Fighting
 - Level 8.0 Dodging
 - Level 10.0 Stealth
 - Level 8.0 Unarmed Combat
 + Level 9.0 Spellcasting
 * Level 12.6 Conjurations
 + Level 0.3 Translocations
 * Level 12.6 Ice Magic
 - Level 6.0 Air Magic
 - Level 6.0 Earth Magic
 - Level 10.0 Evocations


You had 2 spell levels left.
You knew the following spells:

 Your Spells              Type           Power      Damage    Failure   Level
a - Freeze                Ice            100%       1d11      1%          1
b - Frozen Ramparts       Ice            100%       1d12      1%          3
c - Ozocubu's Armour      Ice            64%        N/A       1%          3
d - Hailstorm             Conj/Ice       64%        3d14      1%          4
e - Freezing Cloud        Conj/Ice/Air   28%        6-21      1%          5
f - Stone Arrow           Conj/Erth      100%       3d13      1%          3
g - Iron Shot             Conj/Erth      26%        9d6       5%          6
h - Iskenderun's Mystic   Conj/Tloc      41%        2d9       1%          4

Your spell library contained the following spells:

 Spells                   Type           Power      Damage    Failure   Level
 Lightning Bolt           Conj/Air       26%        1d42      1%          5
 Ensorcelled Hibernation  Hex/Ice        82%        N/A       1%          2
 Passwall                 Tmut/Erth      20%        N/A       2%          2
 Apportation              Tloc           24%        N/A       5%          1
 Pain                     Necr           40%        1d6       6%          1
 Sting                    Tmut/Pois      40%        1d5       6%          1
 Summon Small Mammal      Summ           40%        N/A       6%          1
 Blink                    Tloc           24%        N/A       8%          2
 Sublimation of Blood     Necr           10%        N/A       9%          2
 Wereblood                Tmut           10%        N/A       9%          2
 Dazzling Flash           Conj/Hex       82%        N/A       1%          3
 Mephitic Cloud           Conj/Pois/Air  40%        N/A       1%          3
 Swiftness                Air            39%        N/A       1%          3
 Irradiate                Conj/Tmut      20%        3d20      3%          5
 Ignite Poison            Fire/Tmut/Pois 10%        N/A       4%          3
 Ice Form                 Ice/Tmut       41%        N/A       4%          4
 Summon Ice Beast         Ice/Summ       41%        N/A       4%          4
 Ozocubu's Refrigeration  Ice            32%        4d11      8%          7
 Gell's Gravitas          Tloc           12%        N/A       16%         3
 Teleport Other           Tloc           12%        N/A       16%         3
 Call Canine Familiar     Summ           10%        N/A       17%         3
 Summon Guardian Golem    Hex/Summ       10%        N/A       17%         3
 Petrify                  Tmut/Erth      25%        N/A       17%         4
 Starburst                Conj/Fire      20%        6d7       17%         6
 Simulacrum               Ice/Necr       20%        N/A       56%         6
 Manifold Assault         Tloc           12%        N/A       82%         5
 Summon Forest            Summ/Tloc      5%         N/A       83%         5
 Agony                    Necr           10%        N/A       85%         5
 Alistair's Intoxication  Tmut/Pois      6%         N/A       85%         5
 Eringya's Noxious Bog    Tmut/Pois      5%         N/A       88%         6
 Polar Vortex             Ice            32%        N/A       99%         9
 Dispersal                Tloc           6%         N/A       100%        6
 Storm Form               Tmut/Air       12%        N/A       100%        7
 Summon Hydra             Summ           5%         N/A       100%        7
 Excruciating Wounds      Necr           Unusable   N/A       N/A         5

Dungeon Overview and Level Annotations

Branches:
Dungeon (15/15)            Temple (1/1) D:4            Lair (6/6) D:8
 Shoals (3/4) Lair:4        Snake (2/4) Lair:4        Slime (0/5) Lair:5
    Orc (2/2) D:9             Elf (0/3) Orc:2        Vaults (0/5) D:13
 Depths: D:15

Altars:
Ashenzari
Cheibriados
Dithmenos
Elyvilon
Fedhas
Gozag
Hepliaklqana
Kikubaaqudgha
Makhleb
Nemelex Xobeh
Okawaru
Qazlal
Ru
Sif Muna
Trog
Uskayaw
Vehumet
Wu Jian
Xom
Yredelemnul
Zin
The Shining One
Jiyva

Shops:
D:6 *   D:8 *   D:12 :   D:13 (   D:14 [   Orc:2 ?!!(   Shoals:2 (   Snake:2 ?[

Portals:
Trove: D:13 (give 8 scrolls of fear)
Ice
Cave: Snake:2

Annotations:
D:15 exclusion: 2 doors, Louise
Lair:2 3 runed translucent doors, Deqi's ghost, journeyman GrFi; Dialam's ghost, journeyman OpFi; Jemig's ghost, journeyman DsFi; Nomaith's ghost, journeyman TeAE; robertstho's ghost, journeyman DjFE
Lair:6 exclusion: obsidian statue
Shoals:1 Roxanne
Shoals:2 Mlioglotl; Nikola
Shoals:3 Mara
Snake:1 Asterion; Jorgrun
Snake:2 exclusion: 2 ice statues


Innate Abilities, Weirdness & Mutations

You have sharp claws.
You have razor-sharp teeth.
You have supernaturally acute eyesight. (SInv)
You cover ground quickly. (Speed+)
Your thick and shaggy fur keeps you warm. (AC +3, rC+)
Your paws help you pounce on unaware monsters.
You are incapable of wielding weapons or throwing items.
You cannot wear armour.
You gain extra lives every three experience levels.


Message History

The salamander completely misses you.
The wall freezes the naga warrior.
The naga warrior misses you. The naga warrior grabs you.
The naga warrior constricts you.
You completely miss the naga warrior.
The naga warrior is severely wounded.
The salamander is frozen!
The wall freezes the salamander.
The salamander hits you from afar with a +0 halberd!
You are engulfed in flames!
The wall freezes the naga warrior.
The naga warrior misses you. The naga warrior constricts you.
The heat melts your icy armour.
You closely miss the naga warrior.
The naga warrior is severely wounded.
The salamander is frozen!
The wall freezes the salamander!
The salamander closely misses you.
Unknown command.
The naga warrior blocks your attack.
The naga warrior is severely wounded.
The wall freezes the naga warrior!
The naga warrior spits poison at you.
The splash of poison hits you but does no damage.
You resist. The naga warrior constricts you.
The salamander is frozen!
The wall freezes the salamander!
The salamander hits you from afar with a +0 halberd!
* * * LOW HITPOINT WARNING * * *
You are engulfed in flames!
Your icy armour melts away.
* * * LOW HITPOINT WARNING * * *
You claw the naga warrior!
The naga warrior is almost dead.
The wall freezes the naga warrior!
The naga warrior barely misses you. The naga warrior constricts you.
* * * LOW HITPOINT WARNING * * *
The wall freezes the naga warrior.
Unknown command.
You claw the naga warrior!
You kill the naga warrior!
Vehumet accepts your kill.
You feel your power returning.
The frozen ramparts melt away.
The salamander hits you from afar with a +0 halberd!!
You die...

**,,,,**,,,*,*,**,,,,,,,,***
**,****,,,,.#.*)..,,,,,,,,**
*,****#.*,,..,..,,,,,,,,,,*
*,,,,*#.**,..#..,,,.8..,,,*
****,*#.**,,...,,...∩...,,*
*..#.#*,,N8.,,...8...,,*
*#.#.#***#N#,,.......,,* #.#.#
#<#*,^Y.....,** #.#.###
#@###.......,* #.....#
#∩##☼☼○..##.*** #####
##....###.#.○§☼..$..,,* #...#
#.......8......###**,*
##...#####...##..#......♣,,,,*
..........N#########...♣.♣,,,*
############ *..♣...*,**
*.♣..∩..** *..♣...♣,*


You could see a naga warrior and a salamander (strong).

Vanquished Creatures
  Rupert (Orc:2)
  Donald (Shoals:1)
  2 orc warlords
  A very ugly thing (D:10)
  Azrael (D:12)
  3 dire elephants (Lair:6)
  A merfolk impaler (Shoals:1)
  Snorg (Lair:3)
  7 boulder beetles
  2 catoblepae
  3 naga warriors
  A death knight (D:15)
  Erica (D:8)
  3 merfolk avatars
  A two-headed ogre (D:9)
  10 hydras
  10 centaur warriors
  3 anacondas (Snake:1)
  7 death yaks
  An orc high priest (Orc:1)
  A merfolk aquamancer (Shoals:1)
  2 tengu warriors (D:15)
  2 naga sharpshooters (Snake:1)
  A shock serpent (Snake:1)
  A spectral death yak (Lair:6)
  A spectral anaconda (Lair:6)
  6 sea snakes
  A naga ritualist (Snake:1)
  5 orc knights
  A deep elf pyromancer (D:15)
  A mana viper (Snake:1)
  4 harpies (Shoals:2)
  2 wizards (D:10)
  7 manticores
  5 necromancers
  4 cyclopes
  6 ugly things (D:10)
  4 orc sorcerers
  A salamander (shapeshifter) (D:13)
  10 elephants (Lair:6)
  13 black mambas
  3 merfolk sirens
  A salamander (Snake:1)
  A guardian serpent (Snake:2)
  A water nymph (Shoals:1)
  A gargoyle (D:14)
  3 naga magi (Snake:1)
  8 cane toads
  A kobold demonologist (D:12)
  5 rime drakes
  2 yaktaurs
  4 tengu conjurers
  An efreet (D:15)
  11 komodo dragons
  2 freezing wraiths (D:14)
  6 merfolk
  11 trolls
  A queen bee (shapeshifter) (D:15)
  2 polar bears
  5 harpy zombies (Shoals:1)
  3 meliai (D:15)
  A wind drake (Lair:4)
  13 blink frogs
  Grinder (D:3)
  2 spectral elephants (Lair:6)
  3 snapping turtles
  13 slime creatures
  3 dream sheep (Shoals:2)
  Sigmund (D:2)
  A shadow (D:12)
  4 water elementals
  A culicivora (shapeshifter) (D:13)
  51 yaks
  2 wyverns
  A dire elephant simulacrum (Lair:6)
  5 wraiths
  A hog (shapeshifter) (D:13)
  4 basilisks (Lair:6)
  2 vampire mosquitoes (D:15)
  3 steam dragons
  5 fire elementals (D:12)
  2 wargs
  A spectral cane toad (Lair:6)
  5 nagas (Snake:1)
  2 hell hounds (D:12)
  4 acid dragons
  28 water moccasins
  5 sky beasts
  40 orc warriors
  A black bear (D:4)
  14 wolves
  3 ice beasts
  11 ogres
  38 centaurs
  A kobold brigand (D:7)
  14 bullfrogs
  3 gnoll sergeants
  A cane toad simulacrum (Lair:6)
  7 wights
  An elephant simulacrum (Lair:6)
  5 killer bees (D:7)
  6 howler monkeys
  An electric eel (Lair:2)
  4 crimson imps (D:9)
  4 hounds
  2 jellies
  8 orc priests
  Crazy Yiuf (D:2)
  6 iguanas
  10 orc wizards
  15 hell rats
  3 polar bear simulacra (D:10)
  2 yak simulacra (D:10)
  2 wolf simulacra (D:10)
  Robin (D:4)
  12 gnolls
  5 adders
  3 shadow imps
  A white imp (D:7)
  2 worms
  61 orcs
  12 ball pythons
  10 endoplasms
  5 giant cockroaches
  13 goblins
  11 hobgoblins
  7 jackals
  4 quokkas
  3 training dummies (Shoals:2)
  5 bats
  5 frilled lizards
  15 kobolds
  3 rats
  4 river rat simulacra (D:10)
  2 butterflies
761 creatures vanquished.

Vanquished Creatures (collateral kills)
  A dire elephant skeleton (Lair:6)
  A spectral cane toad (Lair:6)
  An elephant skeleton (Lair:6)
3 creatures vanquished.

Vanquished Creatures (others)
  55 fungi
  116 plants
  37 withered plants (Lair:6)
208 creatures vanquished.

Grand Total: 972 creatures vanquished

Notes
Turn   | Place    | Note
-------+----------+-------------------------------------------
     0 | D:1      | tilp the Felid Ice Elementalist began the quest for the
                  | Orb.
     0 | D:1      | Reached XP level 1. HP: 7/7 MP: 4/4
   184 | D:1      | Reached XP level 2. HP: 6/12 MP: 1/6
   884 | D:1      | Reached skill level 1 in Fighting
  1325 | D:2      | Found a faded altar of an unknown god.
  1334 | D:2      | Got Plato's Papyrus of Intoxication
  1443 | D:2      | Reached XP level 3. HP: 15/15 MP: 5/7
  1447 | D:2      | Learned a level 3 spell: Frozen Ramparts
  1803 | D:2      | Learned a level 3 spell: Ozocubu's Armour
  1870 | D:2      | Found a runed translucent door.
  1871 | D:2      | Noticed Crazy Yiuf
  2277 | D:2      | Noticed Sigmund
  2298 | D:2      | Killed Sigmund
  2299 | D:2      | Reached skill level 2 in Fighting
  2299 | D:2      | Reached skill level 5 in Ice Magic
  2299 | D:2      | Reached XP level 4. HP: 15/19 MP: 5/9
  2299 | D:2      | Reached XP level 5. HP: 18/22 MP: 5/10
  2758 | D:2      | Killed Crazy Yiuf
  2903 | D:3      | Noticed Grinder
  2937 | D:3      | Found a white marble altar of Elyvilon.
  3070 | D:3      | Gained mutation: You are covered in thick fur. (AC +2)
                  | [Felid growth]
  3070 | D:3      | Reached XP level 6. HP: 26/26 MP: 9/11
  3327 | D:3      | Found an opulent altar of Gozag.
  3709 | D:3      | Found a burning altar of Makhleb.
  3847 | D:3      | Found a blossoming altar of Fedhas.
  4002 | D:3      | Learned a level 4 spell: Hailstorm
  4347 | D:4      | Noticed Robin
  4354 | D:4      | Reached skill level 1 in Evocations
  4363 | D:4      | Killed Robin
  4562 | D:4      | Reached skill level 3 in Fighting
  4562 | D:4      | Reached skill level 1 in Unarmed Combat
  4562 | D:4      | Reached XP level 7. HP: 31/31 MP: 3/12
  4707 | D:4      | Found a staircase to the Ecumenical Temple.
  4734 | Temple   | Entered the Ecumenical Temple
  4954 | Temple   | Became a worshipper of Vehumet
  5368 | D:5      | Entered Level 5 of the Dungeon
  5666 | D:5      | Found an ornate altar of the Wu Jian Council.
  5754 | D:5      | Reached skill level 4 in Fighting
  5853 | D:5      | Found a bloodstained altar of Trog.
  5877 | D:5      | Reached skill level 5 in Stealth
  6117 | D:5      | Reached XP level 8. HP: 28/36 MP: 4/13
  6285 | D:5      | Reached skill level 1 in Conjurations
  6718 | D:6      | Found Gifuov's Neck Hole.
  6766 | D:6      | Found a hazy altar of Hepliaklqana.
  7667 | D:7      | Reached * piety under Vehumet
  7667 | D:7      | Offered knowledge of Foxfire by Vehumet.
  7675 | D:7      | Found a shadowy altar of Dithmenos.
  8328 | D:7      | Reached skill level 5 in Fighting
  8351 | D:7      | Reached XP level 9. HP: 39/40 MP: 9/16
  9055 | D:8      | Noticed Erica
  9414 | D:8      | Killed Erica
  9415 | D:8      | Reached skill level 5 in Conjurations
  9741 | D:8      | Reached skill level 6 in Fighting
  9741 | D:8      | Reached skill level 5 in Spellcasting
 10188 | D:8      | Found Zin's Purification Station.
 10190 | D:8      | Found a glowing silver altar of Zin.
 10507 | D:8      | Noticed a komodo dragon
 10662 | D:8      | Killed a komodo dragon
 10663 | D:8      | Reached XP level 10. HP: 45/45 MP: 6/18
 10870 | D:8      | Reached ** piety under Vehumet
 11283 | D:8      | Found a staircase to the Lair.
 11640 | D:9      | Offered knowledge of Static Discharge by Vehumet.
 11797 | D:9      | Found a shimmering altar of Xom.
 11809 | D:9      | Found a staircase to the Orcish Mines.
 11908 | D:9      | You fall into a shaft and drop 3 floors!
 12739 | D:10     | Entered Level 10 of the Dungeon
 13460 | D:10     | Reached skill level 5 in Dodging
 13471 | D:10     | Offered knowledge of Dazzling Flash by Vehumet.
 13472 | D:10     | Reached skill level 7 in Fighting
 13707 | D:10     | Reached skill level 5 in Evocations
 14026 | D:9      | Found an iron altar of Okawaru.
 14166 | D:9      | Noticed a two-headed ogre
 14172 | D:9      | Killed a two-headed ogre
 14173 | D:9      | Reached XP level 11. HP: 50/50 MP: 5/19
 14770 | D:9      | Reached *** piety under Vehumet
 14933 | D:9      | Learned a level 5 spell: Freezing Cloud
 15005 | D:10     | Identified the +0 great sword of Oenomania {flame, rC+
                  | Int+3 Stlth-}
 15077 | D:10     | Noticed a brown ugly thing
 15077 | D:10     | Noticed a brown ugly thing
 15078 | D:10     | Noticed a white ugly thing
 15094 | D:10     | Killed a brown ugly thing
 15369 | D:10     | Noticed a cyan ugly thing
 15395 | D:10     | Killed a brown ugly thing
 15396 | D:10     | Reached skill level 8 in Fighting
 15530 | D:10     | Noticed a purple ugly thing
 15537 | D:10     | Killed a purple ugly thing
 15566 | D:10     | Noticed a brown ugly thing
 15570 | D:10     | Killed a red ugly thing
 15577 | D:10     | Killed a white ugly thing
 15581 | D:10     | Killed a red ugly thing
 15582 | D:10     | Reached skill level 1 in Air Magic
 15846 | D:10     | Noticed a white very ugly thing
 15846 | D:10     | Noticed a wizard
 15915 | D:10     | Noticed a necromancer
 15918 | D:10     | Killed a necromancer
 16304 | D:6      | Bought an amulet of faith for 480 gold pieces
 16369 | D:3      | Paralysed by Grinder for 4 turns
 16381 | D:3      | Killed Grinder
 16766 | D:11     | Offered knowledge of Inner Flame by Vehumet.
 16770 | D:11     | Noticed a seven-headed hydra
 17406 | D:11     | Noticed a boulder beetle
 17502 | D:11     | Killed a seven-headed hydra
 17782 | Lair:1   | Entered Level 1 of the Lair of Beasts
 18554 | Lair:1   | Gained mutation: Your thick and shaggy fur keeps you warm.
                  | (AC +3, rC+) [Felid growth]
 18554 | Lair:1   | Reached XP level 12. HP: 54/56 MP: 9/21
 18954 | Lair:1   | Reached **** piety under Vehumet
 18964 | Lair:1   | Offered knowledge of Stone Arrow by Vehumet.
 18994 | Lair:1   | Learned a level 3 spell: Stone Arrow
 19925 | Lair:2   | Found a runed translucent gate.
 19925 | Lair:2   | Found a runed translucent gate.
 19926 | Lair:2   | Found a runed translucent gate.
 19927 | Lair:2   | Noticed robertstho's ghost (journeyman DjFE)
 19927 | Lair:2   | Noticed Nomaith's ghost (journeyman TeAE)
 19928 | Lair:2   | Noticed Dialam's ghost (journeyman OpFi)
 19928 | Lair:2   | Noticed Jemig's ghost (journeyman DsFi)
 19929 | Lair:2   | Noticed Deqi's ghost (journeyman GrFi)
 20144 | Lair:2   | Noticed a five-headed hydra
 20151 | Lair:2   | Killed a five-headed hydra
 20152 | Lair:2   | Reached skill level 1 in Earth Magic
 20277 | Lair:2   | Reached skill level 9 in Fighting
 20695 | Lair:2   | Noticed a catoblepas
 20856 | Lair:2   | Killed a catoblepas
 21336 | Lair:3   | Reached ***** piety under Vehumet
 21468 | Lair:3   | Offered knowledge of Iskenderun's Battlesphere by Vehumet.
 21583 | Lair:3   | Noticed Snorg
 21588 | Lair:3   | Killed Snorg
 21589 | Lair:3   | Reached skill level 10 in Conjurations
 21589 | Lair:3   | Reached skill level 10 in Ice Magic
 22865 | Lair:4   | Noticed a five-headed hydra
 22870 | Lair:4   | Killed a five-headed hydra
 22871 | Lair:4   | Reached XP level 13. HP: 21/60 MP: 10/24
 23369 | Lair:4   | Found a staircase to the Snake Pit.
 23634 | Lair:4   | Found a staircase to the Shoals.
 23822 | Lair:4   | Reached skill level 10 in Fighting
 24907 | Lair:5   | Found a runed translucent door.
 24907 | Lair:5   | Found a viscous altar of Jiyva.
 24908 | Lair:5   | Found a staircase to the Slime Pits.
 25264 | Orc:1    | Entered Level 1 of the Orcish Mines
 26010 | Orc:2    | Entered Level 2 of the Orcish Mines
 26063 | Orc:2    | Noticed Rupert
 26181 | Orc:2    | Paralysed by Rupert for 2 turns
 26185 | Orc:2    | Killed Rupert
 26361 | Orc:2    | Reached skill level 5 in Unarmed Combat
 26871 | Orc:2    | Found a staircase to the Elven Halls.
 26905 | Orc:1    | Noticed an orc warlord
 26908 | Orc:1    | Reached skill level 11 in Fighting
 26917 | Orc:1    | Killed an orc warlord
 27203 | Orc:1    | Offered knowledge of Olgreb's Toxic Radiance by Vehumet.
 27869 | Orc:2    | Noticed an orc warlord
 28132 | Orc:2    | Killed an orc warlord
 28133 | Orc:2    | Reached skill level 10 in Stealth
 29147 | Orc:2    | Reached XP level 14. HP: 58/68 MP: 13/25
 29432 | Orc:2    | Reached skill level 12 in Fighting
 29659 | Orc:2    | Found Odep's Distillery.
 29659 | Orc:2    | Found Disuv's Distillery.
 29661 | Orc:2    | Found Oqintom's Magic Scroll Emporium.
 29663 | Orc:2    | Found Ygacvev's Weapon Shop.
 29677 | Orc:2    | Bought a potion of invisibility for 120 gold pieces
 29677 | Orc:2    | Bought a potion of brilliance for 60 gold pieces
 29677 | Orc:2    | Bought 2 potions of heal wounds for 150 gold pieces
 29678 | Orc:2    | Bought a potion of resistance for 140 gold pieces
 29678 | Orc:2    | Bought a potion of mutation for 112 gold pieces
 29680 | Orc:2    | Bought a scroll of identify for 24 gold pieces
 29680 | Orc:2    | Bought a scroll of summoning for 114 gold pieces
 29680 | Orc:2    | Bought a scroll of summoning for 114 gold pieces
 29925 | Lair:6   | Entered Level 6 of the Lair of Beasts
 30814 | Lair:6   | Offered knowledge of Iron Shot by Vehumet.
 31417 | Lair:6   | Learned a level 6 spell: Iron Shot
 33119 | Lair:6   | Mangled by a dire elephant
 33120 | Lair:6   | Reached XP level 13. HP: -13/64 MP: 2/25
 34652 | Lair:6   | Killed a dire elephant
 34962 | Lair:6   | Identified the +3 scale mail of Utump {rPois rF+ rCorr
                  | Dex+3}
 35025 | Lair:6   | Killed a dire elephant
 35026 | Lair:6   | Reached XP level 14. HP: 62/69 MP: 9/26
 35696 | D:10     | Reached skill level 5 in Air Magic
 35816 | D:10     | Killed a cyan very ugly thing
 35817 | D:10     | Reached skill level 5 in Earth Magic
 36862 | D:12     | Offered knowledge of Yara's Violent Unravelling by Vehumet.
 37007 | D:12     | Found Kygan's Book Boutique.
 37762 | D:12     | Noticed Azrael
 37772 | D:12     | Killed Azrael
 39110 | D:13     | Found a portal to a secret trove of treasure.
 39686 | D:13     | Found Qouk's Antique Weapon Shoppe.
 40324 | D:13     | Found a gate to the Vaults.
 40335 | D:13     | Noticed a broodmother
 40335 | D:13     | a radroach changed into a broodmother
 41510 | D:14     | Reached skill level 13 in Fighting
 41695 | D:14     | Found Doulajir's Armour Shoppe.
 41814 | D:14     | Found a glowing golden altar of the Shining One.
 42593 | D:15     | Entered Level 15 of the Dungeon
 45492 | D:15     | Reached XP level 15. HP: 69/74 MP: 6/28
 45730 | D:15     | Noticed Louise
 46248 | Shoals:1 | Entered Level 1 of the Shoals
 46708 | Shoals:1 | Identified the +2 robe "Pauff" {Dex+7 Slay-6 Stlth+}
 47319 | Shoals:2 | Noticed Mlioglotl
 47558 | Shoals:2 | Noticed Nikola
 47565 | Shoals:2 | Killed from afar by Nikola
 47566 | Shoals:2 | Reached XP level 14. HP: -8/70 MP: 23/27
 47896 | Shoals:2 | Found Noasma's Firing Range.
 48375 | Shoals:1 | Noticed Donald
 48387 | Shoals:1 | Killed Donald
 49258 | Shoals:1 | Noticed Roxanne
 49390 | Shoals:1 | Reached skill level 10 in Evocations
 50479 | Shoals:3 | Noticed Mara
 50556 | Snake:1  | Entered Level 1 of the Snake Pit
 50564 | Snake:1  | Noticed Jorgrun
 50608 | Snake:1  | Offered knowledge of Lightning Bolt by Vehumet.
 50635 | Snake:1  | Reached skill level 14 in Fighting
 51103 | Snake:1  | HP: 1/72 [constriction (3)]
 51103 | Snake:1  | Mangled by a shock serpent
 51104 | Snake:1  | Reached XP level 13. HP: -12/67 MP: 7/26
 51104 | Snake:1  | Upgraded the game from 0.29-a0-322-g68df515428 to
                  | 0.29-a0-323-g050149af67
 51987 | Snake:1  | Identified the +0 kite shield "Yfotuamu" {Int+7 Dex+2
                  | Stlth-}
 51987 | Snake:1  | Noticed Asterion
 53484 | Snake:1  | Reached XP level 14. HP: 72/72 MP: 8/28
 53724 | Snake:1  | Learned a level 4 spell: Iskenderun's Mystic Blast
 53838 | Snake:2  | Found Roaciuk's Magic Scroll Shoppe.
 53842 | Snake:2  | Found Homeoxyxt's Armour Emporium.
 53842 | Snake:2  | Found a frozen archway.
 53911 | Snake:2  | Demolished by a salamander

Illustrated notes

Levels and vault maps discovered:
D:1:      saegor_arrival_simple_b, layout_loops_corners
D:2:      layout_basic, shapermc_ecumenical_altar_rom_forum,
          supply_closet_lemuel, uniq_sigmund, uniq_crazy_yiuf_cottage
D:3:      layout_loops_cross, grunt_gozag_breadcrumbs, elyvilon_altar_1,
          lightli_temple_of_fire, fedhas_altar_4, uniq_grinder
D:4:      layout_loops_ring, minmay_temple_entry_gardened_gates,
          kennysheep_boxes, uniq_robin
D:5:      layout_rooms, nzn_wu_jian_council_hall, trog_book,
          amcnicky_mini_pool_small
D:6:      layout_cave_pools, mainiacjoe_overflow_catwalk,
          nicolae_shop_sticking_my_neck_out
D:7:      layout_basic, kennysheep_mini
D:8:      layout_basic, zin_purify, grunt_lair_entry_orc_guard_hut, uniq_erica
D:9:      layout_long_grid, led_xom_imps, kennysheep_okawaru_gauntlet,
          kennysheep_just_a_vault
D:10:     cheibrodos_breeding_chamber, layout_basic, grunt_ministairs_3,
          eino_house_with_fridge
D:11:     layout_basic
D:12:     layout_grid_maze, serial_shops, shop, uniq_azrael
D:13:     layout_layer_cave, david_vaults_2, gauntlet_entry_generic,
          serial_shops, shop, enter_trove_3
D:14:     layout_basic, serial_shops, nicolae_square_shop, tso_oasis_becter
D:15:     grunt_enter_depths_snipers, layout_stronghold,
          hangedman_abyss_or_decor_clamps, uniq_louise
Temple:   minmay_temple_curvy_loop
Lair:1:   layout_roguey
Lair:2:   layout_regular_city, gammafunk_ghost_cemetery, grunt_megastairs_3,
          serial_bayou_shore_a, lemuel_fruit_fields
Lair:3:   layout_loops_ring, infiniplex_staircase_pool, uniq_snorg
Lair:4:   layout_gridlike, minmay_shoals_entry_beasts,
          minmay_snake_entry_six_corridors, lemuel_another_geyser,
          lemuel_fruit_fields
Lair:5:   layout_concentric_octagons, slime_altar_2
Lair:6:   due_jungle_book, layout_regular_city, kennysheep_basilisk_garden
Shoals:1: layout_shoals, nicolae_shoals_lost_giant_pillars,
          nicolae_shoals_undead_eyrie, uniq_donald, uniq_roxanne
Shoals:2: layout_shoals, nicolae_shop_firing_range, uniq_nikola, uniq_mlioglotl
Shoals:3: layout_shoals, ebering_ghost_disaster_area, uniq_ilsuiw,
          uniq_polyphemus, uniq_mara
Snake:1:  layout_concentric_octagons, st_stairs_14, serial_bayou_pond_e,
          uniq_asterion, uniq_jorgrun
Snake:2:  layout_misc_corridors, portal_ice_cave_entry_ice_statue_two,
          serial_shops, nicolae_diamond_shop, shop_statue,
          beargit_elvish_explorers, lemuel_fruit_tree
Orc:1:    layout_caves
Orc:2:    st_orc_rangers, layout_caves, uniq_rupert

Skill      XL: |  1  2  3  4  5  6  7  8  9 10 11 12 13 14 15 |
---------------+----------------------------------------------+-----
Ice Magic      | 4 5 6 7 8 10 11 12 | 12.6
Fighting       | 1 2 3 4 5 6 7 8 9 11 14 | 14.2
Spellcasting   | 3 4 5 6 9 8 |  9.0
Stealth        | 3 6 7 8 10 | 10.0
Dodging        | 3 4 5 6 8 |  8.0
Evocations     | 1 2 3 4 5 6 8 10 | 10.0
Unarmed Combat | 1 2 3 4 6 8 |  8.0
Conjurations   | 3 6 8 10 11 12 | 12.6
Air Magic      | 2 4 5 6 |  6.0
Earth Magic    | 2 4 5 6 |  6.0
Translocations | |  0.3

Action                   |  1- 3 |  4- 6 |  7- 9 | 10-12 | 13-15 || total
-------------------------+-------+-------+-------+-------+-------++-------
Melee: Unarmed           |    18 |    27 |   121 |   177 |   218 ||   561
       Bite              |     1 |     1 |    14 |    27 |    41 ||    84
       Punch             |       |       |     4 |     7 |    19 ||    30
 Cast: Freeze            |    34 |    27 |    54 |    56 |    11 ||   182
       Frozen Ramparts   |     8 |    20 |    43 |    54 |    45 ||   170
       Ozocubu's Armour  |     2 |     7 |    32 |    46 |   102 ||   189
       Hailstorm         |       |       |    29 |    85 |    34 ||   148
       Freezing Cloud    |       |       |       |    41 |   322 ||   363
       Stone Arrow       |       |       |       |    25 |   279 ||   304
       Iron Shot         |       |       |       |       |    54 ||    54
Evoke: Wand              |       |       |     1 |     1 |    21 ||    23
       Tin of tremorston |       |       |       |       |     2 ||     2
  Use: Scroll            |     2 |     3 |     9 |     9 |    14 ||    37
       Potion            |     1 |       |     1 |       |     8 ||    10
 Stab: Sleeping          |     9 |     9 |    10 |     9 |     8 ||    45
Armor: Skin              |     5 |     8 |    39 |    69 |   123 ||   244
Dodge: Dodged            |    32 |    37 |   104 |   185 |   493 ||   851

Table legend: (Time is in decaauts)
 A = Elapsed time spent in this place.
 B = Non-inter-level travel time spent in this place.
 C = Inter-level travel time spent in this place.
 D = Time resting spent in this place.
 E = Time spent auto-exploring this place.
 F = Levels seen in this place.
 G = Mean time per level.
                   A        B        C        D        E       F      G
               +--------+--------+--------+--------+--------+-----+--------+
         Total |  49925 |  47388 |   2537 |  18937 |  22639 |  29 | 1721.6 |
       Dungeon |  25970 |  24512 |   1458 |   7907 |  13574 |  15 | 1731.3 |
        Temple |    195 |    169 |     26 |      0 |    163 |   1 |  195.0 |
          Lair |  12876 |  12337 |    539 |   4878 |   6157 |   6 | 2146.0 |
        Shoals |   3636 |   3380 |    256 |   2100 |    835 |   3 | 1212.0 |
     Snake Pit |   3164 |   3040 |    124 |   2230 |    489 |   2 | 1582.0 |
  Orcish Mines |   4083 |   3951 |    132 |   1819 |   1419 |   2 | 2041.5 |
               +--------+--------+--------+--------+--------+-----+--------+

Top non-repeatable levels by time:
  Lair:6: 4266 daAuts
    D:15: 3125 daAuts
 Snake:1: 3055 daAuts
    D:10: 2705 daAuts
    D:12: 2696 daAuts
    D:13: 2431 daAuts
  Lair:4: 2428 daAuts
     D:8: 2117 daAuts
   Orc:1: 2087 daAuts
  Lair:1: 1998 daAuts
   Orc:2: 1995 daAuts
Shoals:1: 1870 daAuts
  Lair:5: 1842 daAuts
     D:7: 1735 daAuts
Shoals:2: 1655 daAuts
